 Dungeon Crawl Stone Soup version 0.30.0-19-g36f170ea60 (webtiles) character file.

Game seed: 11753689145555943030

371 tizbic2 the Sneak (level 6, 0/36 HPs)
             Began as a Gargoyle Wanderer on May 27, 2023.
             Slain by a gnoll
             ... wielding a +0 spear
             ... led by a gnoll bouda
              (5 damage)
             ... on level 4 of the Dungeon.
             The game lasted 00:17:27 (3179 turns).

tizbic2 the Sneak (Gargoyle Wanderer)               Turns: 3179, Time: 00:17:28

Health: 0/36       AC: 15    Str: 16    XL:     6   Next: 70%
Magic:  7/7        EV: 10    Int: 16    God:
Gold:   115        SH:  0    Dex:  9    Spells: 6/7 levels left

rFire   . . .        a - +3 short sword (vamp)
rCold   . . .        (no shield)
rNeg    + . .        o - +0 ring mail
rPois   ∞            (no helmet)
rElec   +            k - +2 cloak
rCorr   .            p - +2 pair of gloves
SInv    .            (no boots)
Will    .....        (no amulet)
Stlth   ++           (no ring)
HPRegen 0.26/turn    (no ring)
MPRegen 0.10/turn

%: no passive effects
@: weakened, unable to read
A: sickness immunity, AC +4, negative energy resistance 1, electricity
resistance, torment resistance 1, petrification resistance, clever 1, inability
to read after injury 1
a: no special abilities


You were on level 4 of the Dungeon.
You visited 1 branch of the dungeon, and saw 4 of its levels.

You collected 334 gold pieces.
You spent 219 gold pieces at shops.

Inventory:

Hand Weapons
 a - a +3 vampiric short sword (weapon)
 w - a +0 heavy arbalest
Missiles
 h - 39 stones
 u - 11 poisoned darts
Armour
 i - a +0 chain mail
 k - a +2 cloak (worn)
 o - a +0 ring mail (worn)
 p - a +2 pair of gloves (worn)
Wands
 e - a wand of flame (20)
 q - a wand of roots (8)
Scrolls
 b - a scroll of fear
 c - 3 scrolls of teleportation
 d - a scroll of magic mapping {unknown}
 f - a scroll of amnesia
 g - a scroll of fog {unknown}
 j - a scroll of blinking
 l - a scroll of immolation {unknown}
 m - a scroll of butterflies
 v - a scroll of silence {unknown}
Potions
 n - a potion of magic
 r - a potion of lignification {unknown}
 s - a potion of curing
 t - a potion of degeneration {unknown}


   Skills:
 + Level 2.6 Fighting
 * Level 3.1 Short Blades
 * Level 1.6 Ranged Weapons
 - Level 1.7 Throwing
 + Level 1.1 Armour
 - Level 1.9 Dodging
 + Level 5.1 Stealth
 - Level 1.0 Spellcasting
 - Level 1.5 Transmutations
 - Level 1.0 Evocations


You had 6 spell levels left.
You knew the following spells:

 Your Spells              Type           Power      Damage    Failure   Level
a - Beastly Appendage     Tmut           10%        N/A       24%         1

Your spell library contained the following spells:

 Spells                   Type           Power      Damage    Failure   Level
 Ignite Poison            Fire/Tmut/Pois 2%         N/A       71%         3
 Dazzling Flash           Conj/Hex       0%         N/A       78%         3
 Agony                    Necr           0%         N/A       100%        5
 Silence                  Hex/Air        0%         N/A       100%        5


Dungeon Overview and Level Annotations

Branches:
Dungeon (4/15)
 Temple: D:4-7

Altars:
Fedhas
Kikubaaqudgha
Qazlal
Ru

Shops:
D:3 !(:


Innate Abilities, Weirdness & Mutations

You are immune to sickness and miasma.
Your stone body is resilient. (AC +4)
You are immune to poison.
You resist negative energy. (rN+)
You are resistant to electric shocks. (rElec)
You are resistant to unholy torment.
You are immune to petrification.
Your mind is acute. (Int +4, Str/Dex -1)
You occasionally lose the ability to read scrolls when taking damage.


Message History

You can read scrolls again.
The gnoll bouda hits you but does no damage.
You closely miss the gnoll bouda.
The gnoll bouda is almost dead.
The gnoll hits you from afar with a +0 spear.
The gnoll bouda gazes fiercely through you!
You feel as though you will be weak longer.
The gnoll bouda hits you but does no damage.
You hit the gnoll bouda but do no damage.
The gnoll bouda is severely wounded.
The gnoll barely misses you.
The gnoll bouda barks out a call to the hunt!
The gnoll picks up the pace!
You barely miss the gnoll bouda.
The gnoll bouda is severely wounded.
The gnoll hits you but does no damage.
The gnoll bouda utters an invocation to its god.
The gnoll bouda is healed somewhat.
You hit the gnoll bouda but do no damage.
The gnoll bouda is heavily wounded.
The gnoll hits you but does no damage.
You hit the gnoll bouda.
The gnoll bouda is heavily wounded.
The gnoll is no longer moving quickly. x2; The gnoll bouda barely misses you.
You barely miss the gnoll bouda.
The gnoll bouda is heavily wounded.
The gnoll hits you but does no damage.
The gnoll bouda hits you with a +0 whip.
You hit the gnoll bouda but do no damage.
The gnoll bouda is heavily wounded.
A gnoll comes into view. It is wielding a +0 flail.
The gnoll hits you from afar with a +0 spear.
The gnoll bouda hits you with a +0 whip!
You feel threatened and lose the ability to read scrolls!
* * * LOW HITPOINT WARNING * * *
You cannot read scrolls in your current state!
You closely miss the gnoll bouda.
The gnoll bouda is heavily wounded.
The gnoll hits you from afar with a +0 spear.
You die...

#.##......##.......#
...#.......#.......#.#
.#####+#.#.#.......#g#
# ..#
#...........#g#.# .##
#.###.#######.#.#. ..#
#.......# ..g.
.##########..# #.#
.......# #..#######g#
#.##.#.# #.>...@gggg#
#....#.# #.##########
#.####.# #.#......#
#.##...# #.....##.###
#.##.########.#.##...#
#.##..........#.####.#
.....##########.#....#
#......# #.....#.####
#....#.## #.#####.#


You could see a gnoll bouda and 4 gnolls.

Vanquished Creatures
  A black bear (D:4)
  2 orc priests (D:3)
  An orc wizard (D:4)
  10 adders
  A worm (D:2)
  3 dart slugs
  7 orcs
  9 endoplasms
  5 giant cockroaches
  8 goblins
  5 hobgoblins
  3 jackals
  13 ball pythons
  6 bats
  5 frilled lizards
  6 kobolds
  4 rats
89 creatures vanquished.

Notes
Turn   | Place    | Note
-------+----------+-------------------------------------------
     0 | D:1      | tizbic2 the Gargoyle Wanderer began the quest for the Orb.
     0 | D:1      | tizbic2 set off with the following items: a +3 dagger, a
                  | scroll of fear, a scroll of teleportation, a +0 leather
                  | armour; and the following spell memorised: Beastly
                  | Appendage; and the following spells available to memorise:
                  | Ignite Poison.
     0 | D:1      | Reached XP level 1. HP: 12/12 MP: 2/2
   198 | D:1      | Reached XP level 2. HP: 13/16 MP: 1/3
   658 | D:2      | Reached skill level 1 in Short Blades
   698 | D:2      | Reached XP level 3. HP: 20/20 MP: 4/4
   738 | D:2      | Reached skill level 4 in Stealth
   887 | D:2      | Reached XP level 4. HP: 14/25 MP: 5/5
  1203 | D:2      | Gained mutation: Your spells are a little harder to cast,
                  | but a little more powerful. [potion of mutation]
  1204 | D:2      | Lost mutation: Your spells are a little harder to cast, but
                  | a little more powerful. [potion of mutation]
  1204 | D:2      | Gained mutation: You have supernaturally acute eyesight.
                  | (SInv) [potion of mutation]
  1204 | D:2      | Gained mutation: You occasionally lose the ability to read
                  | scrolls when taking damage. [potion of mutation]
  1460 | D:3      | Found a stormy altar of Qazlal.
  1480 | D:3      | Found a blossoming altar of Fedhas.
  1516 | D:3      | Found Busull's Weapon Boutique.
  1552 | D:3      | Found Cave's Distillery.
  1563 | D:3      | Bought a potion of mutation for 88 gold pieces
  1563 | D:3      | Lost mutation: You occasionally lose the ability to read
                  | scrolls when taking damage. [potion of mutation]
  1563 | D:3      | Lost mutation: You have supernaturally acute eyesight.
                  | (SInv) [potion of mutation]
  1563 | D:3      | Gained mutation: You occasionally lose the ability to read
                  | scrolls when taking damage. [potion of mutation]
  1563 | D:3      | Gained mutation: Your mind is acute. (Int +4, Str/Dex -1)
                  | [potion of mutation]
  1606 | D:3      | Reached XP level 5. HP: 19/30 MP: 6/6
  1805 | D:3      | Found Avveothyn's Book Emporium.
  2423 | D:3      | Bought a +0 heavy arbalest for 131 gold pieces
  2562 | D:4      | Noticed a black bear
  2580 | D:4      | Killed a black bear
  2581 | D:4      | Reached skill level 1 in Ranged Weapons
  2581 | D:4      | Reached skill level 5 in Stealth
  2581 | D:4      | Reached XP level 6. HP: 29/36 MP: 7/7
  2701 | D:4      | Reached skill level 1 in Armour
  2705 | D:4      | Found an ancient bone altar of Kikubaaqudgha.
  2893 | D:4      | Found a sacrificial altar of Ru.
  3179 | D:4      | Slain by a gnoll

Illustrated notes

Levels and vault maps discovered:
D:1:      lordsloth_arrival_two_stooges, layout_rooms
D:2:      layout_rooms
D:3:      layout_basic, grunt_temple_overflow_forces_of_nature, serial_shops,
          shop_coins, shop, nicolae_shop_bloodbath_and_beyond,
          nicolae_concentric_dashed_squares_wild, minmay_misc_feat_more_columns,
          minmay_fountain_box, minmay_shallow_snake_nest
D:4:      nicolae_cairo_tiling_large_dashed, layout_basic,
          nicolae_ru_great_annihilating_truth, kiku_gazebo_pond_becter

Skill      XL: |  1  2  3  4  5  6 |
---------------+-------------------+-----
Short Blades   | 1 2 3 |  3.1
Stealth        | 4 5 |  5.1
Fighting       | 2 |  2.6
Ranged Weapons | 1 |  1.6
Armour         | 1 |  1.1
Throwing       | |  1.7
Dodging        | |  1.9
Spellcasting   | |  1.0
Transmutations | |  1.5
Evocations     | |  1.0

Action                     |  1- 3 |  4- 6 || total
---------------------------+-------+-------++-------
  Melee: Dagger            |    94 |       ||    94
         Kick              |     4 |       ||     4
         Headbutt          |     2 |       ||     2
         Short sword       |    12 |   290 ||   302
         Punch             |     2 |     3 ||     5
   Fire: Arbalest          |       |    43 ||    43
  Throw: Stone             |     1 |       ||     1
   Cast: Beastly Appendage |     5 |       ||     5
    Use: Potion            |     1 |     4 ||     5
         Scroll            |       |    12 ||    12
   Stab: Sleeping          |     2 |     1 ||     3
         Distracted        |     1 |       ||     1
         Invisible         |       |     1 ||     1
         Paralysed         |       |     1 ||     1
 Armour: Leather armour    |    41 |       ||    41
         Ring mail         |       |   200 ||   200
  Dodge: Dodged            |    68 |   166 ||   234
